AoeStats
← kaib1249

Hill Fort

505975513Analyzed
2v2 RM · 19d ago on Sep 11, 2026· 44m 54s· 4 players
Game mode
Random Map
Map size
Medium (4 player)
Population
200
Speed
Normal
Resources
Standard
Victory
Conquest
Starting age
Dark Age
Ending age
Imperial Age
RankedLock teamsTeams togetherTeam positionsShared explorationLock speedFull tech treeHidden civsTurbo modeCheats
Victory
Defeat
🇺🇸 Tatars · United States
839
+25
🇫🇷 Turks · France
797
+15
🇺🇸 Persians · United States
795
-36
🇺🇸 Bohemians · United States
779
-35
Driver0687
14:02 Feudal Age
15:56 Double-Bit Axe
15:54 Horse Collar
16:51 Wheelbarrow
16:09 Stone Mining
16:12 Gold Mining
17:29 Bloodlines
23:19 Castle Age
24:20 Bow Saw
24:12 Heavy Plow
24:50 Gold Shaft Mining
24:30 Forging
24:22 Husbandry
24:34 Scale Barding Armor
26:28 Iron Casting
27:28 Hand Cart
31:41 Fletching
31:52 Padded Archer Armor
33:05 Bodkin Arrow
33:28 Leather Archer Armor
36:51 Imperial Age
35:29 Ballistics
35:07 Murder Holes
35:23 Masonry
38:35 Two-Man Saw
38:02 Conscription
38:19 Hoardings
38:05 Bracer
38:38 Ring Archer Armor
39:55 Elite Janissary
edgewize
5:14 Loom
11:15 Feudal Age
13:51 Wheelbarrow
14:14 Double-Bit Axe
15:06 Horse Collar
20:56 Castle Age
22:14 Hand Cart
23:14 Light Cavalry
27:13 Heavy Plow
36:15 Imperial Age
40:02 Timurid Siegecraft
40:50 Pikeman
45:57 Crop Rotation
kaib1249
13:24 Feudal Age
14:41 Double-Bit Axe
14:42 Horse Collar
15:29 Horse Collar
17:43 Scale Mail Armor
22:27 Castle Age
22:45 Forging
26:56 Bow Saw
28:04 Heavy Plow
27:32 Pikeman
28:52 Iron Casting
28:23 Scale Barding Armor
33:46 Imperial Age
32:27 Loom
32:45 Loom
34:49 Redemption
35:54 Illumination
35:37 Fletching
38:34 Chemistry
40:13 Wheelbarrow
harpua44
6:03 Loom
10:12 Feudal Age
14:34 Double-Bit Axe
21:34 Castle Age
20:08 Bloodlines
19:42 Horse Collar
20:07 Gold Mining
22:04 Forging
21:58 Pikeman
24:15 Husbandry
24:24 Scale Barding Armor
30:49 Iron Casting
38:07 Imperial Age
36:40 Chain Barding Armor
38:32 Heavy Camel Rider
42:10 Plate Barding Armor
42:35 Blast Furnace
Connection lost

Rejoining the realm…

Still unreachable

The connection could not be restored.

Session expired

The server has moved on; the page needs a fresh start.